 Dungeon Crawl Stone Soup version 0.32-a0-607-g64ea0e4219 (webtiles) character file.

Game seed: 840666958296312265

8766 jestert79 the Carver (level 11, 0/77 HPs)
             Began as a Demonspawn Necromancer on Mar 3, 2024.
             Was a Priest of Yredelemnul.
             Slain by Maurice
             ... wielding a +0 short sword
              (2 damage)
             ... on level 9 of the Dungeon.
             The game lasted 00:51:45 (10701 turns).

jestert79 the Carver (Demonspawn Necromancer)      Turns: 10701, Time: 00:51:46

Health: 0/77       AC:  6    Str:  9    XL:     11   Next: 14%
Magic:  3/14       EV: 13    Int: 18    God:    Yredelemnul [***...]
Gold:   0          SH:  0    Dex: 15    Spells: 3/14 levels left

rFire   + . .        m - +4 scimitar
rCold   . . .        (no shield)
rNeg    + . .        a - +0 robe
rPois   .            G - +1 helmet
rElec   .            (no cloak)
rCorr   .            t - +0 pair of gloves
SInv    .            (no boots)
Will    .....        i - amulet of regeneration
Stlth   +++          L - ring "Rufes" {Wiz rN+}
HPRegen 1.12/turn    J - ring of protection from fire
MPRegen 0.14/turn

%: wizardry (x1)
@: on berserk cooldown, slowed, wreathed by umbra, very slow
A: foul stench 1, spiny 1, sharp scales 1, weakness stinger 1
a: Renounce Religion, Light the Black Torch, Recall Undead Harvest, Hurl
Torchlight


You were on level 9 of the Dungeon.
You worshipped Yredelemnul.
Yredelemnul was noncommittal.
You visited 2 branches of the dungeon, and saw 10 of its levels.

You collected 58 gold pieces.
You spent 58 gold pieces at shops.

Inventory:

Hand Weapons
 c - a +0 club
 f - a +0 short sword
 m - a +4 scimitar (weapon)
Missiles
 y - a throwing net
 A - 38 poisoned darts
Armour
 a - a +0 robe (worn)
 t - a +0 pair of gloves (worn)
 G - a +1 helmet (worn)
 K - a +0 leather armour of cold resistance
Jewellery
 i - an amulet of regeneration (around neck)
 J - a ring of protection from fire (right hand)
 L - the ring "Rufes" (left hand) {Wiz rN+}
   (You found it on level 7 of the Dungeon)

   [ring of wizardry]

   Wiz:       It improves your spell success rate.
   rN+:       It protects you from negative energy.
Wands
 u - a wand of iceblast (10)
 v - a wand of polymorph (1)
 w - a wand of paralysis (6)
 H - a wand of mindburst (6)
Scrolls
 d - a scroll of poison
 g - 6 scrolls of teleportation
 j - a scroll of fear
 o - 2 scrolls of revelation
 E - a scroll of vulnerability
Potions
 b - 2 potions of magic
 e - 3 potions of heal wounds
 h - a potion of attraction
 k - 6 potions of curing
 l - 2 potions of might
 p - 2 potions of enlightenment
 r - 2 potions of mutation
 s - 2 potions of haste
 z - 2 potions of brilliance
 C - a potion of resistance
 I - 2 potions of invisibility


   Skills:
 + Level 4.0 Fighting
 + Level 10.8 Long Blades
 + Level 4.1 Dodging
 - Level 3.0 Stealth
 - Level 2.0 Spellcasting
 - Level 9.4 Necromancy
 - Level 7.5 Ice Magic


You had 3 spell levels left.
You knew the following spells:

 Your Spells              Type           Power      Damage    Failure   Level
a - Necrotise             Necr           100%       1d9       1%          1
b - Vampiric Draining     Necr           35%        2d8       1%          3
c - Animate Dead          Necr           35%        N/A       1%          4
d - Frozen Ramparts       Ice            56%        1d9       1%          3

Your spell library contained the following spells:

 Spells                   Type           Power      Damage    Failure   Level
 Freeze                   Ice            100%       1d10      1%          1
 Hailstorm                Conj/Ice       15%        3d6       4%          3
 Slow                     Hex            4%         N/A       8%          1
 Static Discharge         Conj/Air       2%         3-4/arc   11%         2
 Call Canine Familiar     Summ           1%         N/A       21%         3
 Confusing Touch          Hex            1%         N/A       21%         3
 Dazzling Flash           Conj/Hex       2%         N/A       21%         3
 Sigil of Binding         Hex            1%         N/A       21%         3
 Tukima's Dance           Hex            1%         N/A       21%         3
 Volatile Blastmotes      Fire/Tloc      2%         2d10      21%         3
 Curse of Agony           Necr           35%        N/A       4%          5
 Airstrike                Air            0%         2d(1-17)  54%         4
 Dimensional Bullseye     Hex/Tloc       0%         N/A       54%         4
 Passage of Golubria      Tloc           1%         N/A       54%         4
 Summon Lightning Spire   Summ/Air       1%         N/A       54%         4
 Vhi's Electric Charge    Tloc/Air       2%         N/A       54%         4
 Arcjolt                  Conj/Air       0%         1d10      86%         5
 Yara's Violent Unravell  Hex/Alch       0%         3d3       86%         5
 Plasma Beam              Fire/Air       0%         2x1d10    100%        6
 Starburst                Conj/Fire      0%         6d3       100%        6
 Maxwell's Capacitive Co  Air            0%         ∞         100%        8


Dungeon Overview and Level Annotations

Branches:
Dungeon (9/15)             Temple (1/1) D:6
   Lair: D:8-11         Orc: D:9-12

Altars:
Ashenzari
Cheibriados
Dithmenos
Fedhas
Hepliaklqana
Kikubaaqudgha
Makhleb
Nemelex Xobeh
Okawaru
Ru
Sif Muna
Trog
Uskayaw
Vehumet
Wu Jian
Xom
Yredelemnul

Shops:
D:6 **

Annotations:
D:4 1 runed translucent door, runemasterragnar's ghost, amateur DrSh
D:8 2 transporters, 1 runed translucent door, CougarLife's ghost, novice GrEE
D:9 Maurice


Innate Abilities, Weirdness & Mutations

You may rarely emit foul miasma when damaged in melee.
You are partially covered in sharp spines.
You are partially covered in razor-sharp scales. (AC +1, Slay +1)
You have a small tail.


Message History

You hear a zap.
A bolt of dispelling energy appears from out of thin air!
The bolt of dispelling energy hits you!
* * * LOW HITPOINT WARNING * * *
The bolt of dispelling energy hits your yak zombie!
You barely miss something.
You hear some strange, mumbled words.
Unknown command.
Unknown command.
You feel a strong urge to attack something.
Something barely misses you. Something bites you.
* * * LOW HITPOINT WARNING * * *
You feel your power leaking away. Something drains your magic.
You hit something. You barely miss something. Something hits you!
* * * LOW HITPOINT WARNING * * *
Something steals 543 gold pieces!
You now have 0 gold pieces.
Something bites you but does no damage.
You slash something! Something hits you but does no damage.
Something bites you but does no damage.
You miss something. You slice something!!
You are no longer berserk.
You are exhausted.
You feel yourself slow down. Something hits you but does no damage.
Something bites you.
* * * LOW HITPOINT WARNING * * *
You feel your power leaking away. Something drains your magic.
You hit something.
Your tail-slap misses something.
Something hits you.
* * * LOW HITPOINT WARNING * * *
Something steals your +1 long sword!
Something bites you.
* * * LOW HITPOINT WARNING * * *
You feel your power leaking away. Something drains your magic.
Unknown command.
You miss something. Something hits you but does no damage. Something bites you.
You die...
Your body rises from the dead as a mindless zombie.

# #........ # #.....%..
.. ###......# #.#
.........# #.########.
.........# #..........
.........# #..........
.........# #..........
.........# #.....$....
......Z..# #.Z@{......
#'#...)Z.# #.ZZZ......
..#......#####..Z....###
..#..................#
..#..................# .
#..................#
#.........#####+#..#
#.........# ..#
#.........# ...


You could see 4 friendly yak zombies and a friendly bullfrog zombie.

Vanquished Creatures
  A two-headed ogre (D:7)
  Pikel (D:5)
  An ugly thing (D:7)
  A cyclops (D:7)
  A manticore (D:9)
  3 trolls
  2 glass eyes (D:9)
  A human (D:8)
  A yak (D:9)
  2 steam dragons
  A water moccasin (D:6)
  An ice beast (D:7)
  An ogre (D:4)
  3 lemures (D:5)
  2 kobold brigands (D:6)
  2 phantoms (D:6)
  A weeping skull (D:5)
  8 bullfrogs
  2 scorpions (D:4)
  6 wights
  3 killer bees (D:8)
  An electric eel (D:6)
  6 howler monkeys
  2 bombardier beetles
  A jelly (D:3)
  2 hounds
  3 orc priests
  A sleepcap (D:7)
  2 iguanas
  6 orc wizards
  Robin (D:3)
  5 gnolls
  9 adders
  6 river rats (D:6)
  3 white imps
  2 ufetubi (D:4)
  3 ribbon worms
  A dart slug (D:2)
  22 orcs
  3 ball pythons
  5 endoplasms
  3 giant cockroaches
  24 goblins
  14 hobgoblins
  11 jackals
  8 quokkas
  A bat (D:3)
  A frilled lizard (D:2)
  20 kobolds
  18 rats
  A spectral orc (D:5)
229 creatures vanquished.

Vanquished Creatures (collateral kills)
  A kobold demonologist (D:9)
  A shadow (D:9)
  A human (D:8)
  5 yaks (D:9)
  A water moccasin (D:7)
  An ice beast (D:7)
  2 centaurs (D:9)
  5 bullfrogs
  A wight (D:9)
  2 killer bees
  2 howler monkeys (D:9)
  An orc priest (D:7)
  A gnoll bouda (D:8)
  An orc wizard (D:9)
  3 gnolls (D:8)
  An orc (D:8)
  A goblin (D:2)
  A kobold (D:8)
  A rat (D:6)
32 creatures vanquished.

Vanquished Creatures (others)
  A two-headed ogre zombie (D:7)
  2 kobold brigands (D:8)
  2 troll zombies
  4 bullfrog zombies
  2 centaur zombies (D:9)
  3 killer bee zombies (D:8)
  An ice beast zombie (D:7)
  3 howler monkey zombies
  A gnoll (D:8)
  2 steam dragon zombies
  3 kobolds (D:8)
  3 kobold zombies (D:8)
  16 orc zombies
  A quokka zombie (D:6)
  A rat zombie (D:6)
45 creatures vanquished.

Grand Total: 306 creatures vanquished

Notes
Turn   | Place    | Note
-------+----------+-------------------------------------------
     0 | D:1      | jestert79 the Demonspawn Necromancer began the quest for
                  | the Orb.
     0 | D:1      | Reached XP level 1. HP: 13/13 MP: 3/3
   263 | D:1      | Found a faded altar of an unknown god.
   303 | D:1      | Gained mutation: You are partially covered in sharp spines.
                  | [demonic ancestry]
   303 | D:1      | Reached XP level 2. HP: 19/19 MP: 1/5
  1477 | D:2      | Reached XP level 3. HP: 24/24 MP: 1/6
  1481 | D:2      | Learned a level 3 spell: Vampiric Draining
  1507 | D:2      | Reached skill level 5 in Necromancy
  1862 | D:2      | Reached skill level 1 in Long Blades
  1922 | D:2      | Reached XP level 4. HP: 30/30 MP: 3/7
  2447 | D:3      | Noticed Robin
  2463 | D:3      | Killed Robin
  2634 | D:3      | You fall into a shaft and drop 3 floors!
  2634 | D:6      | Found a sacrificial altar of Ru.
  2637 | D:6      | Noticed a water moccasin
  2641 | D:6      | Killed a water moccasin
  2642 | D:6      | Reached skill level 2 in Long Blades
  2642 | D:6      | Gained mutation: You have a small tail. [demonic ancestry]
  2642 | D:6      | Reached XP level 5. HP: 35/35 MP: 8/8
  2749 | D:6      | Found a hazy altar of Hepliaklqana.
  2805 | D:6      | Reached skill level 3 in Long Blades
  2805 | D:6      | Gained mutation: You are partially covered in razor-sharp
                  | scales. (AC +1, Slay +1) [demonic ancestry]
  2805 | D:6      | Reached XP level 6. HP: 31/41 MP: 9/9
  2869 | D:5      | Entered Level 5 of the Dungeon
  2965 | D:5      | Learned a level 4 spell: Animate Dead
  3210 | D:5      | Found a blossoming altar of Fedhas.
  3230 | D:5      | Reached skill level 4 in Long Blades
  3266 | D:4      | Found a burning altar of Makhleb.
  3514 | D:3      | Reached XP level 7. HP: 46/46 MP: 5/10
  3900 | D:3      | Found an ancient bone altar of Kikubaaqudgha.
  4630 | D:4      | Reached skill level 5 in Long Blades
  4921 | D:4      | Found a runed translucent door.
  5676 | D:4      | Noticed runemasterragnar's ghost (amateur DrSh)
  5721 | D:5      | Found a radiant altar of Vehumet.
  6111 | D:5      | Noticed Pikel
  6527 | D:5      | Reached XP level 8. HP: 40/52 MP: 4/11
  6610 | D:5      | Found a basalt altar of Yredelemnul.
  6701 | D:5      | Killed Pikel
  6702 | D:5      | Reached skill level 6 in Long Blades
  6904 | D:5      | Upgraded the game from 0.32-a0-599-gba8f9cf90e to
                  | 0.32-a0-607-g64ea0e4219
  6909 | D:5      | Learned a level 3 spell: Frozen Ramparts
  6916 | D:6      | Found a broken altar of Ashenzari.
  6999 | D:6      | Found a staircase to the Ecumenical Temple.
  7041 | Temple   | Entered the Ecumenical Temple
  7129 | D:5      | Became a worshipper of Yredelemnul the Fallen
  7286 | D:6      | Found Zin's Purification Station.
  7359 | D:6      | Reached skill level 1 in Ice Magic
  7439 | D:6      | Reached skill level 7 in Long Blades
  7497 | D:6      | Gained mutation: You may rarely emit foul miasma when
                  | damaged in melee. [demonic ancestry]
  7497 | D:6      | Reached XP level 9. HP: 43/57 MP: 12/12
  7508 | D:6      | Reached * piety under Yredelemnul
  7744 | D:6      | Found Ciafekhie's General Store.
  7747 | D:6      | Bought a +0 helmet for 58 gold pieces
  8295 | D:7      | Reached skill level 8 in Long Blades
  8528 | D:7      | Noticed a troll
  8557 | D:7      | Killed a troll
  8612 | D:7      | Reached skill level 5 in Ice Magic
  8618 | D:7      | Noticed a two-headed ogre
  8628 | D:7      | Killed a two-headed ogre
  8629 | D:7      | Reached skill level 9 in Long Blades
  8668 | D:7      | Noticed a cyclops
  8676 | D:7      | Killed a cyclops
  8677 | D:7      | Reached XP level 10. HP: 46/63 MP: 9/13
  8729 | D:7      | Noticed a white ugly thing
  9041 | D:7      | Killed a white ugly thing
  9047 | D:7      | Identified the ring "Rufes" {Wiz rN+}
  9186 | D:7      | Reached ** piety under Yredelemnul
  9338 | D:7      | Found an ornate altar of the Wu Jian Council.
  9492 | D:8      | Found a shimmering blue altar of Sif Muna.
  9494 | D:8      | Noticed a skeletal warrior
  9494 | D:8      | Noticed a boulder beetle
  9498 | D:8      | Found a transporter.
 10076 | D:8      | Found a runed translucent door.
 10079 | D:8      | Noticed CougarLife's ghost (novice GrEE)
 10082 | D:8      | Identified the +3 trident of Shame {flame, Will++ Int+2
                  | Dex-5}
 10118 | D:8      | Found a transporter.
 10151 | D:8      | Found an iron altar of Okawaru.
 10241 | D:8      | Reached skill level 10 in Long Blades
 10477 | D:9      | Reached skill level 1 in Fighting
 10499 | D:9      | Reached *** piety under Yredelemnul
 10503 | D:9      | Noticed a manticore
 10513 | D:9      | Killed a manticore
 10514 | D:9      | Reached XP level 11. HP: 20/75 MP: 14/14
 10641 | D:9      | Identified the ring of Gozag's Castigation {rF+ rN+ AC+4
                  | Dex+3}
 10677 | D:9      | Noticed Maurice
 10684 | D:9      | Something stole the ring of Gozag's Castigation {rF+ rN+
                  | AC+4 Dex+3}
 10685 | D:9      | Something stole 42 poisoned darts
 10696 | D:9      | Something stole 543 gold
 10700 | D:9      | Something stole a +1 long sword
 10700 | D:9      | HP: 1/77 [something (4)]
 10701 | D:9      | Slain by Maurice

Illustrated notes

Levels and vault maps discovered:
D:1:      minmay_arrival_glassed_features, layout_basic,
          ebering_ecumenical_altar_mist, chequers_mini_garden, nicolae_titane
D:2:      cheibrodos_greedy_goblins, layout_basic, grunt_ministairs_11,
          nrook_campfire, nicolae_elevator_lobby_asterisk
D:3:      layout_loops_corners, lemuel_doored_altar, lemuel_crystal_altar,
          uniq_robin
D:4:      layout_layer_cave, mainiacjoe_overflow_cross_hatched,
          ebering_ghost_reflecting_pool, serial_bayou_pond_b
D:5:      layout_layer_cave, mainiacjoe_overflow_24_doors,
          yredelemnul_forgotten_temple_becter, vehumet_crystals, abandoned_shop,
          kennysheep_generic_room_7, uniq_pikel
D:6:      lemuel_ratsnest, layout_loops_ring, nicolae_ru_sacrificial_ziggurat,
          lemuel_crystal_altar, zin_purify, nicolae_elyvilon_temple_path,
          mainiacjoe_overflow_six_doors_small, temple_hall, serial_shops,
          kennysheep_mini
D:7:      minmay_the_grid_four_pointed_star
          [minmay_the_grid_triangle_9x9_minimal,
          minmay_the_grid_triangle_9x9_odd_lines,
          minmay_the_grid_triangle_9x9_shrine,
          minmay_the_grid_triangle_9x9_descending_squares,
          minmay_the_grid_prize_four_corners_diamond_a], layout_loops_ring,
          nicolae_overflow_hidden_temple
D:8:      layout_loops_ring, gammafunk_temple_overflow_arena, okawaru_humans,
          serial_glass, glass_columns_a, glass_columns_c, glass_columns_b,
          glass_columns_c, ebering_ghost_funeral_grove,
          minmay_misc_feat_ornament
D:9:      layout_irregular_city, onia_ninara_cookie, uniq_maurice
Temple:   nicolae_temple_ecumenical_triangle

Skill      XL: |  1  2  3  4  5  6  7  8  9 10 11 |
---------------+----------------------------------+-----
Stealth        | 2 3 |  3.0
Necromancy     | 5 6 7 8 9 |  9.4
Long Blades    | 1 2 3 4 5 7 9 10 | 10.8
Ice Magic      | 2 6 7 |  7.5
Dodging        | 3 4 |  4.1
Fighting       | 3 4 |  4.0
Spellcasting   | |  2.0

Action                     |  1- 3 |  4- 6 |  7- 9 | 10-12 || total
---------------------------+-------+-------+-------+-------++-------
  Melee: Club              |     3 |       |       |       ||     3
         Long sword        |    39 |    66 |   228 |    83 ||   416
         Tailslap          |       |     4 |    31 |    22 ||    57
         Scimitar          |       |       |       |    36 ||    36
  Throw: Dart              |       |       |     4 |       ||     4
   Cast: Necrotise         |    48 |    32 |    28 |     3 ||   111
         Animate Dead      |       |       |     2 |       ||     2
         Vampiric Draining |       |       |     8 |       ||     8
         Frozen Ramparts   |       |       |     2 |       ||     2
 Invoke: Light the Black T |       |       |     2 |     2 ||     4
  Evoke: Wand              |       |     3 |    31 |    12 ||    46
    Use: Scroll            |       |       |    13 |    12 ||    25
         Potion            |       |       |       |     2 ||     2
   Stab: Distracted        |     1 |       |     3 |     2 ||     6
         Sleeping          |       |     1 |     2 |     1 ||     4
         Paralysed         |       |       |    13 |     8 ||    21
 Armour: Robe              |    20 |    39 |   137 |    97 ||   293
  Dodge: Dodged            |    27 |    36 |   123 |    84 ||   270

Table legend: (Time is in decaauts)
 A = Elapsed time spent in this place.
 B = Non-inter-level travel time spent in this place.
 C = Inter-level travel time spent in this place.
 D = Time resting spent in this place.
 E = Time spent auto-exploring this place.
 F = Levels seen in this place.
 G = Mean time per level.
                   A        B        C        D        E       F      G
               +--------+--------+--------+--------+--------+-----+--------+
         Total |  10740 |  10138 |    602 |    896 |   6498 |  10 | 1074.0 |
       Dungeon |  10714 |  10121 |    593 |    896 |   6498 |   9 | 1190.4 |
        Temple |     25 |     17 |      8 |      0 |      0 |   1 |   25.0 |
               +--------+--------+--------+--------+--------+-----+--------+

Top non-repeatable levels by time:
     D:4: 1659 daAuts
     D:5: 1658 daAuts
     D:7: 1616 daAuts
     D:2: 1201 daAuts
     D:1: 1151 daAuts
     D:3: 1113 daAuts
     D:6: 1023 daAuts
     D:8: 953 daAuts
     D:9: 335 daAuts
  Temple: 25 daAuts
